 Dungeon Sprint DCSS version 0.22-a0-614-g34fbaa0 (webtiles) character file.

26636 Krakonus1 the Wrestler (level 13, -1/156 HPs)
             Began as a Troll Berserker on July 19, 2018.
             Was a High Priest of Trog.
             Killed from afar by a frost giant (40 damage)
             ... with a bolt of cold
             ... in the Dungeon (Sprint IX: "|||||||||||||||||||||||||||||").
             The game lasted 00:24:01 (2285 turns).

Krakonus1 the Wrestler (Troll Berserker)            Turns: 2285, Time: 00:24:02

Health: -1/156     AC: 17    Str: 32    XL:     13   Next: 0%
Magic:  16/16      EV:  9    Int:  3    God:    Trog [*****.]
Gold:   1477       SH:  0    Dex: 12    Spells: 12/12 levels left

rFire    . . .     SeeInvis .     - Unarmed
rCold    . . .     Gourm    +   (no shield)
rNeg     . . .     Faith    .   y - +1 shadow dragon scales
rPois    .         Spirit   .   (helmet restricted)
rElec    .         Reflect  .   w - +2 cloak {+Inv}
rCorr    .         Harm     .   (gloves unavailable)
MR       .....     NoTele   +   (boots unavailable)
Stlth    ++........             (no amulet)
HPRegen  0.76/turn              n - +2 ring of evasion
MPRegen  0.15/turn              o - +3 ring of dexterity

@: berserk cooldown, slowed, very slow
A: large, unfitting armour, claws 3, fast metabolism 3, gourmand, regeneration
1, shaggy fur 1, tough skin 2
a: Berserk, Trog's Hand, Brothers in Arms, Renounce Religion, Evoke Invisibility


You were in the Dungeon.
You worshipped Trog.
Trog was extremely pleased with you.
You were full.

You visited 1 branch You collected 1900 gold pieces.
You spent 423 gold pieces at shops.

Inventory:

Armour
 a - a +2 animal skin
 m - a +2 cloak
 v - +0 swamp dragon scales
 w - a +2 cloak of invisibility (worn)
 x - +1 ice dragon scales
 y - +1 shadow dragon scales (worn)
Jewellery
 i - an uncursed ring of protection from cold
 n - a +2 ring of evasion (left claw)
 o - a +3 ring of dexterity (right claw)
 q - a +1 ring of protection
 t - an uncursed ring of protection from cold
Wands
 l - a wand of acid (10)
Scrolls
 h - 4 scrolls of blinking
 k - 5 scrolls of remove curse
 r - 4 scrolls of fog
 s - a scroll of identify
 u - 3 scrolls of fear
 z - 2 scrolls of enchant weapon
Potions
 c - 10 potions of curing
 d - 8 potions of heal wounds
 e - a potion of haste
 f - 4 potions of magic
 g - a potion of berserk rage
 p - a potion of brilliance
Comestibles
 b - 12 rations


   Skills:
 * Level 17.1 Fighting
 - Level 2.4 Dodging
 - Level 23.8 Unarmed Combat
 - Level 5.5 Evocations


You had 12 spell levels left.
You didn't know any spells.
Your spell library was empty.

Dungeon Overview and Level Annotations

Branches:
Dungeon (1/1)

Altars:
Cheibriados
Dithmenos
Elyvilon
Fedhas
Gozag
Hepliaklqana
Kikubaaqudgha
Makhleb
Nemelex Xobeh
Okawaru
Qazlal
Ru
Sif Muna
Trog
Uskayaw
Vehumet
Wu Jian
Xom
Yredelemnul
Zin
The Shining One
Beogh
Jiyva
Lugonu

Shops:
D ???(


Innate Abilities, Weirdness & Mutations

You are too large for most types of armour.
You have claws for hands.
Your metabolism is lightning-fast.
You like to eat raw meat.
Your natural rate of healing is unusually fast.
You are covered in fur. (AC +1)
You have very tough skin. (AC +2)


Message History

The ice dragon tramples you but does no damage.
You claw the ice dragon!
The ice dragon is lightly wounded.
You closely miss the ice dragon.
The ice dragon is lightly wounded.
The ice dragon bites you but does no damage.
The ice dragon closely misses you.
The ice dragon tramples you but does no damage.
The frost giant casts a spell at you.
The bolt of cold hits the ice dragon.
The ice dragon resists.
The bolt of cold hits you!
You eviscerate the ice dragon!!! You claw the ice dragon.
The ice dragon is severely wounded.
The ice dragon breathes frost at you. The blast of cold hits you!
* * * LOW HITPOINT WARNING * * *
The frost giant points at you and mumbles some strange words.
The bolt of cold hits the ice dragon.
The ice dragon resists.
The bolt of cold hits you!
You die...

▓▓▓▓▓▓▓▓▓▓▓▓▓▓▓▓▓▓▓▓▓▓▓▓▓
▓.............@DC)'C....C
▓.▓▓▓▓▓▓▓▓▓▓▓▓▓▓▓▓▓▓▓▓▓▓▓▓▓▓▓▓▓
▓..............................
▓▓▓▓▓▓▓▓▓▓▓▓▓▓▓▓▓▓▓▓▓▓▓▓▓▓♣♣♣♣♣
▓.............))†......†..†)†).
▓.▓▓▓▓▓▓▓▓▓▓▓▓▓▓▓▓▓▓▓▓▓▓▓▓♣♣♣♣♣
▓..............................
▓▓▓▓▓▓▓▓▓▓▓▓▓▓▓▓▓▓▓▓▓▓▓▓▓▓▓▓▓▓▓
▓.........'=..=.)))))))).[[...[


You could see a frost giant, a fire giant and an ice dragon.

Vanquished Creatures
  Aizul (D)
  A ghost moth (D)
  A great orb of eyes (D)
  A hydra (D)
  An ogre mage (D)
  A merfolk avatar (D)
  A spriggan berserker (D)
  A spriggan druid (D)
  A naga ritualist (D)
  An ugly thing (D)
  5 spiny frogs (D)
  A demonic crawler (D)
  A troll (D)
  A slime creature (D)
  A snapping turtle (D)
  A hippogriff (D)
  A redback (D)
  A tarantella (D)
  A wyvern (D)
  A wraith (D)
  An insubstantial wisp (D)
  A naga (D)
  5 orc warriors (D)
  An ice beast (D)
  2 ogres (D)
  A centaur (D)
  A crocodile (D)
  A wight (D)
  A crimson imp (D)
  A jelly (D)
  5 orc priests (D)
  4 orc wizards (D)
  2 iguanas (D)
  2 adders (D)
  2 adder skeletons (D)
  An adder zombie (D)
  7 orcs (D)
  A bat (D)
  A goblin (D)
  A hobgoblin (D)
  A jackal zombie (D)
  A leopard gecko skeleton (D)
  A leopard gecko zombie (D)
  2 rats (D)
70 creatures vanquished.

Vanquished Creatures (collateral kills)
  Rupert (D)
  A sphinx (D)
  A tengu reaver (D)
  A nagaraja (D)
  A fire giant (D)
  A ghost moth (D)
  An entropy weaver (D)
  Josephine (D)
  3 naga warriors (D)
  A hydra (D)
  An alligator snapping turtle (D)
  A deep troll shaman (D)
  An ogre mage (D)
  A tengu warrior (D)
  A vampire mage (D)
  A naga sharpshooter (D)
  7 orc high priests (D)
  Urug (D)
  A wizard (D)
  A harpy (D)
  6 orc knights (D)
  A wolf spider (D)
  An orc sorcerer (D)
  3 black mambas (D)
  2 spiny frogs (D)
  A komodo dragon (D)
  A demonic crawler (D)
  A merfolk (D)
  3 tyrant leeches (D)
  2 wind drakes (D)
  2 hippogriffs (D)
  A redback (D)
  2 wraiths (D)
  A yak (D)
  2 water elementals (D)
  A hog (shapeshifter) (D)
  A wyvern (D)
  A vampire mosquito (D)
  A porcupine (D)
  5 orc warriors (D)
  A wolf (D)
  3 crocodiles (D)
  7 bullfrogs (D)
77 creatures vanquished.

Vanquished Creatures (others)
  A swamp drake (D)
1 creature vanquished.

Grand Total: 148 creatures vanquished

Notes
Turn   | Place    | Note
-------+----------+-------------------------------------------
     0 | D        | Krakonus1 the Troll Berserker began the quest for the Orb.
     0 | D        | Reached XP level 1. HP: 22/22 MP: 0/0
     9 | D        | Reached ** piety under Trog
     9 | D        | Reached skill level 4 in Unarmed Combat
    23 | D        | Noticed an orc wizard
    23 | D        | Noticed an ogre
    23 | D        | Noticed a crimson imp
    27 | D        | Reached skill level 5 in Unarmed Combat
    27 | D        | Reached XP level 2. HP: 29/29 MP: 1/1
    29 | D        | Reached *** piety under Trog
    29 | D        | Reached skill level 7 in Unarmed Combat
    29 | D        | Reached XP level 3. HP: 36/36 MP: 2/2
    33 | D        | Killed an ogre
    33 | D        | Reached skill level 9 in Unarmed Combat
    33 | D        | Reached XP level 4. HP: 38/44 MP: 3/3
    34 | D        | Reached skill level 10 in Unarmed Combat
    34 | D        | Reached XP level 5. HP: 44/50 MP: 4/4
    38 | D        | Reached **** piety under Trog
    44 | D        | Found a roughly hewn altar of Beogh.
    44 | D        | Found a snail-covered altar of Cheibriados.
    44 | D        | Found a shadowy altar of Dithmenos.
    44 | D        | Found a white marble altar of Elyvilon.
    44 | D        | Found a blossoming altar of Fedhas.
    44 | D        | Found an opulent altar of Gozag.
    45 | D        | Found a hazy altar of Hepliaklqana.
    46 | D        | Found a viscous altar of Jiyva.
    47 | D        | Found an ancient bone altar of Kikubaaqudgha.
    48 | D        | Found a corrupted altar of Lugonu.
    49 | D        | Found a burning altar of Makhleb.
    50 | D        | Found a sparkling altar of Nemelex Xobeh.
    51 | D        | Found an iron altar of Okawaru.
    52 | D        | Found a stormy altar of Qazlal.
    53 | D        | Found a sacrificial altar of Ru.
    54 | D        | Found a deep blue altar of Sif Muna.
    55 | D        | Found a bloodstained altar of Trog.
    56 | D        | Found a hide-covered altar of Uskayaw.
    57 | D        | Found a radiant altar of Vehumet.
    58 | D        | Found an ornate altar of the Wu Jian Council.
    59 | D        | Found a shimmering altar of Xom.
    60 | D        | Found a basalt altar of Yredelemnul.
    61 | D        | Found a glowing silver altar of Zin.
    62 | D        | Found a glowing golden altar of the Shining One.
    79 | D        | Found the +12 glaive of Prune {chop}
    94 | D        | Noticed a troll
   100 | D        | Killed a troll
   100 | D        | Reached skill level 13 in Unarmed Combat
   100 | D        | Reached XP level 6. HP: 21/59 MP: 5/5
   105 | D        | Reached ***** piety under Trog
   111 | D        | Reached skill level 14 in Unarmed Combat
   169 | D        | Noticed a red ugly thing
   169 | D        | Noticed a wyvern
   179 | D        | Killed a red ugly thing
   179 | D        | Reached skill level 16 in Unarmed Combat
   179 | D        | Reached XP level 7. HP: 66/66 MP: 6/6
   186 | D        | Killed a wyvern
   186 | D        | Reached XP level 8. HP: 74/74 MP: 7/7
   187 | D        | Received a gift from Trog
   331 | D        | Noticed a hippogriff
   335 | D        | Reached skill level 17 in Unarmed Combat
   337 | D        | Noticed a five-headed hydra
   339 | D        | Killed a hippogriff
   343 | D        | Killed a six-headed hydra
   343 | D        | Reached skill level 18 in Unarmed Combat
   360 | D        | Noticed a hippogriff
   360 | D        | Noticed a black mamba
   361 | D        | Received a gift from Trog
   362 | D        | Found the +3 sling "Punk" {acid, rCorr}
   362 | D        | Killed a hippogriff
   362 | D        | Reached ****** piety under Trog
   363 | D        | Reached XP level 9. HP: 80/80 MP: 8/8
   365 | D        | Killed a black mamba
   365 | D        | Reached skill level 19 in Unarmed Combat
   367 | D        | Noticed a komodo dragon
   370 | D        | Killed a komodo dragon
   372 | D        | Received a gift from Trog
   388 | D        | Noticed a spiny frog
   388 | D        | Noticed a spiny frog
   388 | D        | Noticed a tyrant leech
   388 | D        | Noticed a tyrant leech
   388 | D        | Noticed a tyrant leech
   397 | D        | Killed a spiny frog
   397 | D        | Reached skill level 20 in Unarmed Combat
   398 | D        | Killed a spiny frog
   400 | D        | Killed a tyrant leech
   401 | D        | Noticed a spiny frog
   402 | D        | Killed a tyrant leech
   404 | D        | Killed a tyrant leech
   408 | D        | Killed a spiny frog
   408 | D        | Received a gift from Trog
   575 | D        | Noticed Urug
   581 | D        | Killed Urug
   740 | D        | Reached skill level 21 in Unarmed Combat
   743 | D        | Received a gift from Trog
   764 | D        | Reached XP level 10. HP: 83/88 MP: 9/9
   830 | D        | Noticed an orc sorcerer
   836 | D        | Killed an orc sorcerer
   836 | D        | Received a gift from Trog
   882 | D        | Received a gift from Trog
   955 | D        | Found Kikhleleo's Magic Scroll Emporium.
   955 | D        | Noticed an orc knight
   955 | D        | Noticed an orc knight
   955 | D        | Noticed an orc high priest
   955 | D        | Noticed an orc high priest
   955 | D        | Noticed an orc high priest
   957 | D        | Noticed an orc high priest
   958 | D        | Killed an orc knight
   958 | D        | Reached skill level 22 in Unarmed Combat
   960 | D        | Killed an orc knight
   960 | D        | Received a gift from Trog
   961 | D        | Killed an orc high priest
   964 | D        | Killed an orc high priest
   966 | D        | Killed an orc high priest
   967 | D        | Killed an orc high priest
   968 | D        | Noticed an orc high priest
   970 | D        | Noticed a sun demon
   973 | D        | Killed an orc high priest
   973 | D        | Reached skill level 23 in Unarmed Combat
   974 | D        | Noticed an orc knight
   975 | D        | Found Ebase's Magic Scroll Shoppe.
   978 | D        | Noticed an orc knight
   979 | D        | Found Uloceatu's Magic Scroll Emporium.
   979 | D        | Killed an orc knight
   980 | D        | Noticed an orc high priest
   984 | D        | Killed an orc knight
   987 | D        | Noticed a sun demon
   991 | D        | Killed an orc high priest
   994 | D        | Found Igeudetewn's Antique Weapon Shoppe.
   996 | D        | Noticed an orc knight
  1003 | D        | Noticed an orc knight
  1003 | D        | Noticed an orc high priest
  1004 | D        | Killed an orc knight
  1006 | D        | Killed an orc knight
  1006 | D        | Reached XP level 11. HP: 23/94 MP: 10/10
  1008 | D        | Killed an orc high priest
  1055 | D        | Bought a scroll of enchant armour for 82 gold pieces
  1055 | D        | Bought a scroll of fog for 22 gold pieces
  1055 | D        | Bought a scroll of blinking for 82 gold pieces
  1057 | D        | Bought a scroll of blinking for 105 gold pieces
  1059 | D        | Bought a scroll of fear for 42 gold pieces
  1059 | D        | Bought a scroll of enchant armour for 90 gold pieces
  1151 | D        | Noticed Josephine
  1164 | D        | Killed Josephine
  1164 | D        | Reached skill level 5 in Fighting
  1399 | D        | Noticed an ogre mage
  1403 | D        | Received a gift from Trog
  1403 | D        | Reached skill level 1 in Evocations
  1406 | D        | Noticed a wizard
  1406 | D        | Noticed a tengu reaver
  1410 | D        | Noticed a sphinx
  1414 | D        | Killed an ogre mage
  1414 | D        | Received a gift from Trog
  1415 | D        | Noticed a vampire mage
  1416 | D        | Noticed a tengu warrior
  1423 | D        | Killed a tengu reaver
  1426 | D        | Killed a sphinx
  1427 | D        | Noticed a phantasmal warrior
  1428 | D        | Killed a vampire mage
  1428 | D        | Received a gift from Trog
  1430 | D        | Killed a tengu warrior
  1431 | D        | Killed an ogre mage
  1432 | D        | Killed a wizard
  1590 | D        | Noticed Rupert
  1599 | D        | Killed Rupert
  1599 | D        | Reached skill level 10 in Fighting
  1599 | D        | Reached skill level 5 in Evocations
  1654 | D        | Noticed a wolf spider
  1654 | D        | Noticed an entropy weaver
  1657 | D        | Killed a ghost moth
  1657 | D        | Received a gift from Trog
  1660 | D        | Killed a wolf spider
  1666 | D        | Killed an entropy weaver
  1672 | D        | Killed a ghost moth
  1672 | D        | Reached XP level 12. HP: 132/132 MP: 0/15
  1678 | D        | Received a gift from Trog
  1769 | D        | Noticed a four-headed hydra
  1787 | D        | Killed an eight-headed hydra
  1878 | D        | Noticed an alligator snapping turtle
  1895 | D        | Killed an alligator snapping turtle
  1902 | D        | Received a gift from Trog
  1915 | D        | Noticed a merfolk avatar
  1925 | D        | Killed a merfolk avatar
  1968 | D        | Noticed a naga warrior
  1968 | D        | Noticed a naga warrior
  1968 | D        | Noticed a naga warrior
  1973 | D        | Killed a naga warrior
  1978 | D        | Received a gift from Trog
  1981 | D        | Noticed a nagaraja
  1983 | D        | Killed a naga warrior
  1983 | D        | Reached skill level 15 in Fighting
  1989 | D        | Killed a nagaraja
  1991 | D        | Killed a naga warrior
  2002 | D        | Received a gift from Trog
  2105 | D        | Noticed Aizul
  2115 | D        | Killed Aizul
  2254 | D        | Noticed a fire giant
  2254 | D        | Noticed a deep troll shaman
  2254 | D        | Noticed a great orb of eyes
  2254 | D        | Noticed an ice dragon
  2254 | D        | Noticed a frost giant
  2261 | D        | Killed a fire giant
  2262 | D        | Killed a deep troll shaman
  2271 | D        | Noticed a death yak
  2273 | D        | Killed a great orb of eyes
  2278 | D        | Reached XP level 13. HP: 84/156 MP: 16/16
  2281 | D        | Noticed a fire giant
  2285 | D        | Killed from afar by a frost giant

Vault maps used:
D:        linesprint

Skill      XL: |  1  2  3  4  5  6  7  8  9 10 11 12 |
---------------+-------------------------------------+-----
Unarmed Combat | 5 7 9 10 13 16 18 21 23 | 23.8
Fighting       | 12 17 | 17.1
Evocations     | 5 |  5.5
Dodging        | |  2.4

Action                   |  1- 3 |  4- 6 |  7- 9 | 10-12 | 13-15 || total
-------------------------+-------+-------+-------+-------+-------++-------
Melee: Unarmed           |    17 |    26 |    30 |    81 |     6 ||   160
       Punch             |       |     2 |     2 |     6 |     1 ||    11
Invok: Berserk           |     1 |     2 |       |     5 |       ||     8
       Brothers in Arms  |       |       |     4 |    18 |       ||    22
  Use: Scroll            |       |       |     4 |     3 |       ||     7
       Potion            |       |       |     1 |     4 |     1 ||     6
 Stab: Invisible         |       |       |     2 |       |       ||     2
  Eat: Chunk             |       |     6 |    11 |    22 |       ||    39
Armor: Animal skin       |     2 |     6 |     3 |     7 |       ||    18
       Shadow dragon sca |       |       |       |    22 |     7 ||    29
Dodge: Dodged            |     7 |     8 |    14 |    23 |     4 ||    56

Table legend:
 A = Spawn XP
 B = Non-spawn XP
 C = Spawn XP percentage of total XP
 D = Spawn monster count
 E = Non-spawn monster count
 F = Spawn count percentage of total count
 G = Total turns spent on level
                    A         B        C        D         E        F      G
               +---------+---------+-------+---------+---------+-------+---------
         Total |       0 |   38052 |   0.0 |       0 |     147 |   0.0 |  2285
               +---------+---------+-------+---------+---------+-------+---------
             D |       0 |   38052 |   0.0 |       0 |     147 |   0.0 |  2285
               +---------+---------+-------+---------+---------+-------+---------
